 Dungeon Crawl Stone Soup version 0.27.0-1-g7a089689b8 (webtiles) character file.

Game seed: 16274927598295072275

23 hawla the Grave Robber (level 2, 0/15 HPs)
             Began as a Deep Elf Necromancer on Aug 10, 2021.
             Succumbed to an adder's poison
             ... on level 2 of the Dungeon.
             The game lasted 00:03:18 (1312 turns).

hawla the Grave Robber (Deep Elf Necromancer)       Turns: 1312, Time: 00:03:18

Health: 0/15       AC:  2    Str:  5    XL:     2   Next: 75%
Magic:  6/8        EV: 13    Int: 19    God:
Gold:   44         SH:  0    Dex: 15    Spells: 6/7 levels left

rFire    . . .     SeeInvis .   j - +1 dagger
rCold    . . .     Faith    .   (no shield)
rNeg     . . .     Spirit   .   a - +0 robe
rPois    .         Reflect  .   (no helmet)
rElec    .         Harm     .   (no cloak)
rCorr    .         Rampage  .   (no gloves)
Will     +....                  (no boots)
Stlth    ++........             (no amulet)
HPRegen  0.05/turn              d - ring of flight
MPRegen  0.11/turn              h - ring of willpower

@: lethally poisoned (0 -> -5), attractive, flying
A: no striking features
a: no special abilities


You were on level 2 of the Dungeon.
You visited 1 branch of the dungeon, and saw 2 of its levels.

You collected 44 gold pieces.

Inventory:

Hand Weapons
 j - a +1 dagger (weapon)
Armour
 a - a +0 robe (worn)
Jewellery
 d - a ring of flight (left hand)
 h - a ring of willpower (right hand)
Potions
 c - a potion of might {unknown}
 g - a potion of mutation {unknown}


   Skills:
 + Level 0.2 Fighting
 - Level 3.0 Dodging
 - Level 3.0 Stealth
 + Level 3.1 Spellcasting
 + Level 5.0 Necromancy
 + Level 0.6 Earth Magic


You had 6 spell levels left.
You knew the following spells:

 Your Spells              Type           Power      Damage    Failure   Level
a - Pain                  Necr           88%        1d8       1%          1

Your spell library contained the following spells:

 Spells                   Type           Power      Damage    Failure   Level
 Animate Skeleton         Necr           44%        N/A       1%          1
 Vampiric Draining        Necr           11%        2d7       5%          3
 Animate Dead             Necr           11%        N/A       19%         4
 Agony                    Necr           22%        N/A       45%         5


Dungeon Overview and Level Annotations

Branches:
Dungeon (2/15)

Altars:


Message History

Found 17 gold pieces.
c - a bubbling golden potion An adder comes into view.
The adder hisses angrily.
The adder closely misses you. The adder bites you.
You are poisoned.
The adder poisons you!
You swap places.
You feel sick.
Your ball python barely misses the adder.
Your ball python closely misses the adder.
The adder closely misses your ball python.
Your ball python barely misses the adder. x2
You feel sick. The adder bites your ball python.
Your ball python dies!
Your ball python's corpse dissolves into shadows!
You feel sick. The adder bites your goblin.
Your goblin is poisoned.
The adder poisons your goblin! The adder bites your goblin.
Your goblin dies!
Your goblin's corpse dissolves into shadows!
Casting: Pain (safe; 1% risk of failure)
Confirm with . or Enter, or press ? or * to list all spells.
Aiming: Pain (safe; 1% risk of failure)
Press: ? - help, Shift-Dir - straight line, f - adder
Aim: an adder (chance to affect: 87%)
The adder writhes in agony!
You feel sick.
Casting: Pain (safe; 1% risk of failure)
Confirm with . or Enter, or press ? or * to list all spells.
Aiming: Pain (safe; 1% risk of failure)
Press: ? - help, Shift-Dir - straight line, f/p - adder
Aim: an adder (severely wounded, chance to affect: 87%)
The adder writhes in agony.
You feel sick.
You are no longer poisoned.
The adder bites you.
* * * LOW HITPOINT WARNING * * *
You are lethally poisoned!
The adder poisons you! The adder completely misses you.
It was a potion of attraction.
You feel attractive to monsters.
You die...

**,*,*,**,,**,##........(..,,,,,*
****,*,*,,,,*,,#.##.#####.#**,*,*
,,,,,*,*,,*,,,,#)##.# *,* *,*,*
******,**.#*,,##....# *,***,*,* *
*,,*$.####.....# *,,,,,*,*
*******,,...........# *******,*
+,,,,,,,,...........# *,*
*********#..........# *,* *
#......@...# *********,, *
#.....SS...# *,,,,,,,,** *
######..##.# *,******,*
***#.....#**,* *,* *,.........#,*
*,** *****+##.###.#.#,* *,,,
*,,,,,,..* *.#.#,* ****
*,,,,,...* *,#,*,* *,,,,,...*
*,*,*,*


You could see 2 adders.

Vanquished Creatures
  2 dart slugs (D:1)
  6 ball pythons (D:1)
  An endoplasm (D:1)
  2 goblins (D:1)
  2 hobgoblins (D:1)
  A quokka (D:1)
  2 bats (D:1)
  2 frilled lizards (D:1)
  2 kobolds (D:1)
20 creatures vanquished.

Vanquished Creatures (collateral kills)
  A goblin (D:2)
1 creature vanquished.

Vanquished Creatures (others)
  17 plants (D:1)
17 creatures vanquished.

Grand Total: 38 creatures vanquished

Notes
Turn   | Place    | Note
-------+----------+-------------------------------------------
     0 | D:1      | hawla the Deep Elf Necromancer began the quest for the Orb.
     0 | D:1      | Reached XP level 1. HP: 10/10 MP: 6/6
    49 | D:1      | Reached skill level 5 in Necromancy
   361 | D:1      | Reached XP level 2. HP: 13/15 MP: 5/8
  1118 | D:1      | Found a faded altar of an unknown god.
  1312 | D:2      | Succumbed to an adder's poison

Illustrated notes

Levels and vault maps discovered:
D:1:      psy_arrival_statuary, layout_basic,
          dilly_ecumenical_altar_fadedgnrine, st_stairs_2
D:2:      layout_basic, minmay_close_crescents

Skill      XL: |  1  2 |
---------------+-------+-----
Necromancy     | 5 |  5.0
Dodging        | 3 |  3.0
Stealth        | 3 |  3.0
Fighting       | |  0.2
Spellcasting   | |  3.1
Earth Magic    | |  0.6

Action                   || total
-------------------------++-------
 Cast: Pain              ||    35
  Use: Scroll            ||     4
       Potion            ||     1
Dodge: Dodged            ||     6
